 Dungeon Crawl Stone Soup version 0.27.1-3-gb3d3a73c9e (webtiles) character file.

Game seed: 6521667456900944022

68 unlimited1921 the Vexing (level 4, -1/34 HPs)
             Began as a Gnoll Arcane Marksman on Oct 30, 2021.
             Killed from afar by a white imp (15 damage)
             ... with a puff of frost
             ... summoned by Natasha
             ... on level 2 of the Dungeon.
             The game lasted 00:08:31 (1677 turns).

unlimited1921 the Vexing (Gnoll Arcane Marksman)    Turns: 1677, Time: 00:08:32

Health: -1/34      AC:  2    Str: 11    XL:     4   Next: 19%
Magic:  8/8        EV: 13    Int: 12    God:
Gold:   93         SH:  0    Dex: 12    Spells: 7/8 levels left

rFire    + . .     SeeInvis .   j - +0 whip
rCold    x . .     Faith    .   (no shield)
rNeg     . . .     Spirit   .   d - +0 robe
rPois    .         Reflect  .   (no helmet)
rElec    .         Harm     .   (no cloak)
rCorr    .         Rampage  .   (no gloves)
Will     .....                  (no boots)
Stlth    ++........             (no amulet)
HPRegen  0.11/turn              k - ring of fire
MPRegen  0.11/turn              (no ring)

@: no status effects
A: fangs 1, strong nose, distributed training
a: no special abilities


You were on level 2 of the Dungeon.
You visited 1 branch of the dungeon, and saw 3 of its levels.

You collected 93 gold pieces.

Inventory:

Hand Weapons
 a - a +0 hand crossbow
 f - a +0 club
 j - a +0 whip (weapon)
Missiles
 c - 4 bolts
 i - 56 stones (quivered)
Armour
 d - a +0 robe (worn)
Jewellery
 k - a ring of fire (left hand)
Scrolls
 b - a scroll of magic mapping {unknown}
 g - a scroll of holy word {unknown}
 h - a scroll of enchant weapon {unknown}
 l - a scroll of identify {unknown}
Potions
 e - a potion of curing {unknown}


   Skills:
 + Level 2.7 Fighting
 + Level 1.0 Short Blades
 + Level 1.0 Long Blades
 + Level 1.0 Axes
 + Level 1.0 Maces & Flails
 + Level 1.0 Polearms
 + Level 1.0 Staves
 + Level 1.0 Slings
 + Level 1.0 Bows
 + Level 4.6 Crossbows
 + Level 1.0 Throwing
 + Level 1.0 Armour
 + Level 4.6 Dodging
 + Level 1.0 Stealth
 + Level 1.0 Shields
 + Level 1.0 Unarmed Combat
 + Level 2.9 Spellcasting
 + Level 0.8 Conjurations
 + Level 5.4 Hexes
 + Level 0.8 Summonings
 + Level 0.8 Necromancy
 + Level 0.8 Translocations
 + Level 0.8 Transmutations
 + Level 0.8 Fire Magic
 + Level 0.8 Ice Magic
 + Level 0.8 Air Magic
 + Level 0.8 Earth Magic
 + Level 0.8 Poison Magic
 + Level 1.1 Invocations
 + Level 1.0 Evocations


You had 7 spell levels left.
You knew the following spells:

 Your Spells              Type           Power      Damage    Failure   Level
a - Corona                Hex            15%        N/A       2%          1

Your spell library contained the following spells:

 Spells                   Type           Power      Damage    Failure   Level
 Slow                     Hex            14%        N/A       4%          2
 Inner Flame              Hex/Fire       13%        N/A       21%         3
 Portal Projectile        Hex/Tloc       18%        N/A       21%         3
 Cause Fear               Hex            7%         N/A       26%         4


Dungeon Overview and Level Annotations

Branches:
Dungeon (3/15)

Altars:

Annotations:
D:2 Natasha


Innate Abilities, Weirdness & Mutations

You have very sharp teeth.
Your uncanny sense of smell can sniff out nearby items.
Your experience applies equally to all skills.


Message History

You hit Natasha.
You kill Natasha!
Natasha screams in fury as she dies!
Your Short Blades skill increases to level 1!
Your Long Blades skill increases to level 1!
Your Axes skill increases to level 1!
Your Maces & Flails skill increases to level 1!
Your Polearms skill increases to level 1!
Your Staves skill increases to level 1!
Your Slings skill increases to level 1!
Your Bows skill increases to level 1!
Your Throwing skill increases to level 1!
Your Armour skill increases to level 1!
Your Stealth skill increases to level 1!
Your Shields skill increases to level 1!
Your Unarmed Combat skill increases to level 1!
Your Evocations skill increases to level 1!
You have reached level 4!
You feel stronger.
Unknown command.
Unknown command.
You start resting.
Natasha, Servant of Life and Death comes into view.
Natasha hisses angrily.
Natasha drinks a potion.
Natasha suddenly seems more resistant.
Natasha stares at you and mumbles some strange words.
The magic dart hits you.
Natasha mumbles some strange words.
You hit Natasha.
Natasha is moderately wounded.
Natasha barely misses you. The white imp barely misses you.
You hit Natasha.
Natasha is moderately wounded.
Natasha claws you but does no damage. The white imp hits you.
The white imp freezes you.
You feel a terrible chill!
You closely miss Natasha. You bite Natasha, but do no damage.
Natasha is moderately wounded.
Natasha claws you. The white imp gestures at you. The puff of frost hits you!
You feel a terrible chill!
You die...

##......##
###########..†.....##
#.......##..........#
#.....(.##..........#
#.......##..........# ∆
#.......##..........#
#....(((##..........# ∆
####.##.###....h5..##..
#.##$...†...@........
###.#####.<............
###..............(........
....#.#............(.#....
#####.##..................
#.##....(...w...###... ###
#.##..........>## ..#
#w##............
..###.##......#.....


You could see a worm, Natasha (resistant) and a white imp (summoned).

Vanquished Creatures
  Natasha (twice) (D:2)
  A ball python (D:2)
  4 endoplasms
  3 goblins (D:1)
  A hobgoblin (D:2)
  2 quokkas (D:2)
  A frilled lizard (D:1)
  3 kobolds (D:1)
  A rat (D:1)
18 creatures vanquished.

Notes
Turn   | Place    | Note
-------+----------+-------------------------------------------
     0 | D:1      | unlimited1921 the Gnoll Arcane Marksman began the quest for
                  | the Orb.
     0 | D:1      | Reached XP level 1. HP: 17/17 MP: 4/4
    27 | D:1      | Found a faded altar of an unknown god.
   585 | D:1      | Reached XP level 2. HP: 23/23 MP: 5/5
  1508 | D:2      | Noticed Natasha
  1515 | D:2      | Noticed a crimson imp
  1516 | D:2      | Killed Natasha
  1517 | D:2      | Reached skill level 1 in Invocations
  1517 | D:2      | Reached XP level 3. HP: 16/28 MP: 7/7
  1626 | D:2      | Noticed Natasha
  1640 | D:2      | Killed Natasha
  1641 | D:2      | Reached skill level 1 in Short Blades
  1641 | D:2      | Reached skill level 1 in Long Blades
  1641 | D:2      | Reached skill level 1 in Axes
  1641 | D:2      | Reached skill level 1 in Maces & Flails
  1641 | D:2      | Reached skill level 1 in Polearms
  1641 | D:2      | Reached skill level 1 in Staves
  1641 | D:2      | Reached skill level 1 in Slings
  1641 | D:2      | Reached skill level 1 in Bows
  1641 | D:2      | Reached skill level 1 in Throwing
  1641 | D:2      | Reached skill level 1 in Armour
  1641 | D:2      | Reached skill level 1 in Stealth
  1641 | D:2      | Reached skill level 1 in Shields
  1641 | D:2      | Reached skill level 1 in Unarmed Combat
  1641 | D:2      | Reached skill level 1 in Evocations
  1641 | D:2      | Reached XP level 4. HP: 24/34 MP: 8/8
  1666 | D:2      | Noticed Natasha
  1677 | D:2      | Killed from afar by a white imp

Illustrated notes

Levels and vault maps discovered:
D:1:      minmay_arrival_three_doors, layout_basic,
          chequers_ecumenical_altar_island
D:2:      layout_rooms, uniq_natasha
D:3:      layout_rooms, pf_just_have_faith, minmay_pentangle

Skill      XL: |  1  2  3 |
---------------+----------+-----
Invocations    | 1 |  1.1
Short Blades   | 1 |  1.0
Long Blades    | 1 |  1.0
Axes           | 1 |  1.0
Maces & Flails | 1 |  1.0
Polearms       | 1 |  1.0
Staves         | 1 |  1.0
Slings         | 1 |  1.0
Bows           | 1 |  1.0
Throwing       | 1 |  1.0
Armour         | 1 |  1.0
Stealth        | 1 |  1.0
Shields        | 1 |  1.0
Unarmed Combat | 1 |  1.0
Evocations     | 1 |  1.0
Fighting       | |  2.7
Crossbows      | |  4.6
Dodging        | |  4.6
Spellcasting   | |  2.9
Conjurations   | |  0.8
Hexes          | |  5.4
Summonings     | |  0.8
Necromancy     | |  0.8
Translocations | |  0.8
Transmutations | |  0.8
Fire Magic     | |  0.8
Ice Magic      | |  0.8
Air Magic      | |  0.8
Earth Magic    | |  0.8
Poison Magic   | |  0.8

Action                   |  1- 3 |  4- 6 || total
-------------------------+-------+-------++-------
Melee: Whip              |     3 |     3 ||     6
       Bite              |       |     1 ||     1
 Fire: Hand crossbow     |    50 |       ||    50
Armor: Robe              |     2 |     1 ||     3
Dodge: Dodged            |    13 |     2 ||    15
